 Dungeon Crawl Stone Soup version 0.29-a0-664-gff9cad4a3d (webtiles) character file.

Game seed: 3296523635316723335

1072 Sabo the Cleaver (level 8, 0/68 HPs)
             Began as a Hill Orc Fighter on June 22, 2022.
             Was a Priest of Okawaru.
             Slain by Duvessa
             ... wielding a +0 short sword
              (4 damage)
             ... on level 5 of the Dungeon on June 23, 2022.
             The game lasted 00:26:25 (6057 turns).

Sabo the Cleaver (Hill Orc Fighter)                 Turns: 6057, Time: 00:26:25

Health: 0/68       AC:  9    Str: 21    XL:     8   Next: 28%
Magic:  0/8        EV: 10    Int:  8    God:    Okawaru [***...]
Gold:   200        SH:  4    Dex: 10    Spells: 7/7 levels left

rFire   + . .      SeeInvis .   a - +0 war axe
rCold   + . .      Faith    .   c - +0 buckler
rNeg    . . .      Spirit   +   y - +2 scale mail {rPois}
rPois   +          Reflect  .   (no helmet)
rElec   .          Harm     .   r - scarf {rC+ rF+}
rCorr   .          Rampage  .   (no gloves)
Will    .....                   (no boots)
Stlth   ..........              n - amulet of guardian spirit
HPRegen 0.21/turn               (no ring)
MPRegen 0.11/turn               (no ring)

@: mighty
A: no striking features
a: Renounce Religion, Heroism


You were on level 5 of the Dungeon.
You worshipped Okawaru.
Okawaru was most pleased with you.
You visited 1 branch of the dungeon, and saw 5 of its levels.
You also visited: Sewer.

You collected 200 gold pieces.

Inventory:

Hand Weapons
 a - a +0 war axe (weapon)
 k - a +0 lajatang
Missiles
 e - 8 boomerangs (quivered)
 q - 29 poisoned darts
Armour
 c - a +0 buckler (worn)
 h - a +0 cloak
 r - a scarf of resistance (worn)
 y - a +2 scale mail of poison resistance (worn)
Jewellery
 n - an amulet of guardian spirit (around neck)
Wands
 s - a wand of light (7)
Scrolls
 b - 2 scrolls of identify
 f - 4 scrolls of teleportation
 g - a scroll of poison
 i - a scroll of blinking
 v - a scroll of fog {unknown}
 w - a scroll of magic mapping {unknown}
Potions
 j - a potion of mutation
 l - 2 potions of curing
 m - 2 potions of invisibility {unknown}
 o - 2 potions of lignification {unknown}
 p - 2 potions of heal wounds {unknown}
 t - 2 potions of magic {unknown}
 u - a potion of cancellation {unknown}
 x - 2 potions of haste {unknown}


   Skills:
 + Level 5.1 Fighting
 + Level 9.0 Axes
 + Level 6.0 Armour
 + Level 1.8 Dodging
 + Level 0.3 Stealth
 + Level 4.5 Shields
 + Level 0.4 Invocations


You had 7 spell levels left.
You didn't know any spells.
Your spell library contained the following spells:

 Spells                   Type           Power      Damage    Failure   Level
 Sublimation of Blood     Necr           0%         N/A       91%         2
 Portal Projectile        Hex/Tloc       0%         N/A       99%         3
 Petrify                  Tmut/Erth      0%         N/A       100%        4
 Blade Hands              Tmut           0%         N/A       100%        5
 Irradiate                Conj/Tmut      0%         3d13      100%        5
 Conjure Ball Lightning   Conj/Air       0%         3x3d6     100%        6
 Discord                  Hex            0%         N/A       100%        8
 Disjunction              Tloc           0%         N/A       100%        8
 Tukima's Dance           Hex            Unusable   N/A       N/A         3

Dungeon Overview and Level Annotations

Branches:
Dungeon (5/15)              Sewer (visited)
 Temple: D:4-7

Altars:
Okawaru

Shops:
D:4 *[*!*

Annotations:
D:5 Duvessa


Message History

Duvessa barely misses you. Duvessa hits you but does no damage.
You barely miss Duvessa.
Duvessa is moderately wounded.
Duvessa hits you with a +0 short sword! Duvessa hits you with a +0 short sword.
You slash Duvessa!
Duvessa is severely wounded.
Duvessa closely misses you.
You hit Duvessa but do no damage.
Duvessa is severely wounded.
Duvessa hits you with a +0 short sword! Duvessa hits you with a +0 short sword.
You barely miss Duvessa.
Duvessa is severely wounded.
Duvessa misses you.
You barely miss Duvessa.
Duvessa is severely wounded.
Duvessa hits you but does no damage. Duvessa hits you with a +0 short sword!
* * * LOW HITPOINT WARNING * * *
You hit Duvessa but do no damage.
Duvessa is severely wounded.
Duvessa closely misses you. Duvessa hits you with a +0 short sword.
* * * LOW HITPOINT WARNING * * *
Okay, then.
You feel very mighty all of a sudden. Duvessa hits you with a +0 short sword.
* * * LOW HITPOINT WARNING * * *
You slash Duvessa!
Duvessa is almost dead.
Duvessa barely misses you. You block Duvessa's attack.
You hit Duvessa but do no damage.
Duvessa is almost dead.
Duvessa hits you with a +0 short sword.
* * * LOW HITPOINT WARNING * * *
You hit Duvessa but do no damage.
Duvessa is almost dead.
Duvessa barely misses you. Duvessa hits you with a +0 short sword.
* * * LOW HITPOINT WARNING * * *
You barely miss Duvessa.
Duvessa is almost dead.
Duvessa hits you with a +0 short sword.
You die...

#.# ##...†.##
#.....# ...
##.......####.#.###
...
#................##
...
+.................#
##.
#.........###....##
##........# ##...#
##.....#.# #.#.#
##..e##.# #.#.#
##@###.. ..#.# #)#
########.# #.# .#
#.# .# ... ... ...
...#.


You could see Duvessa (berserk).

Vanquished Creatures
  Grinder (Sewer)
  A phantom (D:5)
  3 kobold brigands
  Blork the orc (D:5)
  A scorpion (D:4)
  Dowan (D:5)
  A quasit (Sewer)
  2 hounds (D:5)
  Jessica (D:3)
  2 orc wizards
  4 gnolls (D:3)
  6 adders
  3 shadow imps (Sewer)
  4 ufetubi
  A worm (D:3)
  2 dart slugs
  9 orcs
  8 endoplasms
  5 giant cockroaches
  6 goblins
  4 hobgoblins
  4 quokkas
  9 ball pythons
  4 bats
  8 frilled lizards
  23 kobolds
  5 rats
119 creatures vanquished.

Notes
Turn   | Place    | Note
-------+----------+-------------------------------------------
     0 | D:1      | Sabo the Hill Orc Fighter began the quest for the Orb.
     0 | D:1      | Reached XP level 1. HP: 19/19 MP: 1/1
   286 | D:1      | Reached XP level 2. HP: 23/27 MP: 2/2
   492 | D:1      | Reached skill level 3 in Axes
   556 | D:1      | Found a faded altar of an unknown god.
   560 | D:1      | Prayed at the altar of an unknown god.
   560 | D:1      | Became a worshipper of Warmaster Okawaru
   560 | D:1      | Reached * piety under Okawaru
   899 | D:1      | Reached XP level 3. HP: 33/33 MP: 3/3
  1991 | D:3      | Noticed Jessica
  1999 | D:3      | Killed Jessica
  2000 | D:3      | Reached skill level 4 in Axes
  2000 | D:3      | Reached XP level 4. HP: 30/40 MP: 2/4
  2483 | D:3      | Reached XP level 5. HP: 30/47 MP: 3/5
  2489 | D:3      | Reached skill level 5 in Axes
  3843 | D:4      | Reached skill level 6 in Axes
  3843 | D:4      | Reached XP level 6. HP: 46/53 MP: 6/6
  3978 | D:4      | Found Wokki's Assorted Antiques.
  3983 | D:4      | Found Useheh's Assorted Antiques.
  4000 | D:4      | Found Qyuliq's Distillery.
  4150 | D:4      | Found Measara's General Store.
  4313 | D:4      | Found Yler's Armour Boutique.
  4357 | D:5      | Entered Level 5 of the Dungeon
  4377 | D:5      | Reached ** piety under Okawaru
  4389 | D:5      | Reached skill level 1 in Dodging
  4495 | D:5      | Reached skill level 5 in Armour
  4495 | D:5      | Found a glowing drain.
  4504 | Sewer    | Entered a sewer
  4821 | Sewer    | Reached XP level 7. HP: 60/60 MP: 7/7
  4851 | Sewer    | Found a burning altar of Makhleb.
  4863 | Sewer    | Reached skill level 7 in Axes
  5218 | Sewer    | Noticed Grinder
  5226 | Sewer    | Killed Grinder
  5227 | Sewer    | Reached skill level 5 in Fighting
  5227 | Sewer    | Reached skill level 8 in Axes
  5510 | D:5      | Reached *** piety under Okawaru
  5511 | D:5      | Reached XP level 8. HP: 56/68 MP: 8/8
  5899 | D:5      | Noticed Blork the orc
  5904 | D:5      | Killed Blork the orc
  6036 | D:5      | Noticed Duvessa
  6036 | D:5      | Noticed Dowan
  6040 | D:5      | Killed Dowan
  6041 | D:5      | Reached skill level 9 in Axes
  6057 | D:5      | Slain by Duvessa

Illustrated notes

Levels and vault maps discovered:
D:1:      matt_arrival_grand_opening, layout_rooms,
          hellmonk_ecumenical_altar_heavens_door, ebering_dispersal_statue_hall
D:2:      layout_basic
D:3:      layout_loops_ring, uniq_jessica
D:4:      layout_rooms, serial_shops, shop, shop, kennysheep_little_box, shop,
          nicolae_shop_hallway_stairs
D:5:      minmay_angry_zag, layout_loops_corners, portal_sewer_entry_d,
          minmay_stone_trees_medium, grunt_ministairs_8, uniq_duvessa,
          uniq_blork_the_orc

Skill      XL: |  1  2  3  4  5  6  7  8 |
---------------+-------------------------+-----
Axes           | 3 4 6 8 9 |  9.0
Fighting       | 4 5 |  5.1
Armour         | 4 5 6 |  6.0
Dodging        | 1 |  1.8
Shields        | 4 |  4.5
Stealth        | |  0.3
Invocations    | |  0.4

Action                   |  1- 3 |  4- 6 |  7- 9 || total
-------------------------+-------+-------+-------++-------
Melee: War axe           |    89 |   190 |   119 ||   398
Invok: Heroism           |       |     1 |     2 ||     3
  Use: Scroll            |     3 |     3 |       ||     6
       Potion            |       |     1 |     2 ||     3
Armor: Chain mail        |    58 |   114 |    58 ||   230
       Scale mail        |     1 |       |    14 ||    15
Dodge: Dodged            |    34 |    65 |    49 ||   148
Block: Buckler           |    22 |    42 |    28 ||    92

Table legend: (Time is in decaauts)
 A = Elapsed time spent in this place.
 B = Non-inter-level travel time spent in this place.
 C = Inter-level travel time spent in this place.
 D = Time resting spent in this place.
 E = Time spent auto-exploring this place.
 F = Levels seen in this place.
 G = Mean time per level.
                   A        B        C        D        E       F      G
               +--------+--------+--------+--------+--------+-----+--------+
         Total |   6179 |   6179 |      0 |   2095 |      0 |   6 | 1029.8 |
       Dungeon |   5284 |   5284 |      0 |   1605 |      0 |   5 | 1056.8 |
         Sewer |    895 |    895 |      0 |    490 |      0 |   1 |  895.0 |
               +--------+--------+--------+--------+--------+-----+--------+

Top non-repeatable levels by time:
     D:3: 1890 daAuts
     D:1: 1013 daAuts
     D:2: 999 daAuts
   Sewer: 895 daAuts
     D:5: 854 daAuts
     D:4: 526 daAuts
